River Rats vs Wolves
(R1)
Created - 10 mars 2014 at 19:08
Goals
|
| River Rats |
1 |
1 |
4 |
1 |
7 |
| Wolves |
0 |
5 |
1 |
0 |
6 |
|
Shots
|
| River Rats |
9 |
10 |
16 |
2 |
37 |
| Wolves |
7 |
18 |
24 |
0 |
49 |
|
1st period
1. River Rats , Mikkel Boedker 33 (James Van Riemsdyk, Peter Mueller) at 10:28
Penalties :
Marc-André Gragnani (Min) for High sticking (Minor) at 16:01
2nd period
2. Wolves , Willie Mitchell 5 (Hunter Tremblay) at 0:15
3. Wolves , Alexander Perezhogin 37 (Rich Peverley) at 2:46 (PP)
4. River Rats , Sergei Kostitsyn 25 (Bryan Rodney, Mikkel Boedker) at 3:52
5. Wolves , Mike Zigomanis 35 (Chris Neil, Matt Gilroy) at 7:06 (PP)
6. Wolves , Mike Zigomanis 36 (Chris Neil, Matt Gilroy) at 12:25 (PP)
7. Wolves , Dan Fritsche 17 (Milan Bartovic, Nate Guenin) at 19:14
Penalties :
James Van Riemsdyk (Alb) for Hooking (Minor) at 2:45, Bryan Rodney (Alb) for Cross-checking (Minor) at 5:29, Peter Mueller (Alb) for Holding (Minor) at 11:19, Tyler Myers (Alb) for Roughing (Minor) at 19:47
3rd period
8. Wolves , Tim Crowder 11 (Alexander Perezhogin, Rich Peverley) at 0:06 (PP)
9. River Rats , Tyler Bozak 37 (Niklas Sundstrom, Mikkel Boedker) at 6:22
10. River Rats , Tyler Bozak 38 (Tyler Myers, Niklas Sundstrom) at 7:01 (PP)
11. River Rats , James Van Riemsdyk 17 (Mikkel Boedker, Peter Mueller) at 9:59
12. River Rats , Tyler Bozak 39 (Niklas Sundstrom) at 11:21 (PP)
Penalties :
Matt Gilroy (Min) for Interference (Minor) at 0:50, Rich Peverley (Min) for Holding (Minor) at 6:42, Alexander Perezhogin (Min) for Hooking (Minor) at 11:18, Martin Grenier (Alb) for Tripping (Minor) at 14:02, Chris Terry (Min) for Hooking (Minor) at 18:46
Overtime #1
13. River Rats , Mikkel Boedker 34 (Sergei Kostitsyn) at 1:24
Penalties :
No Penalty
Goalie Stats
Jonathan Bernier (Alb), 12 saves from 16 shots - (0,750), 32:25 minutes
Braden Holtby (Alb), 31 saves from 33 shots - (0,939), W, 10-16-3, 28:59 minutes
Jamie Storr (Min), 30 saves from 37 shots - (0,811), OTL, 19-23-5, 61:24 minutes
Players Stats for River Rats
Player Name G A P +/- PIM S H SB GA TA FO MP PP MP PK MP
------------------------------------------------------------------------------------
Brett Maclean 0 0 0 -1 0 1 1 1 0 0 0/2 17:28 0:00 0:00
Bryan Rodney 0 1 1 3 2 2 0 2 0 1 0/0 15:31 0:00 0:23
James Van Riemsdyk 1 1 2 2 2 2 0 0 2 0 0/0 18:12 3:29 1:04
Jamie Arniel 0 0 0 0 0 0 0 0 1 0 0/1 8:12 0:00 0:00
Kyle Chipchura 0 0 0 1 0 2 0 1 0 0 5/11 13:59 0:00 3:14
Martin Grenier 0 0 0 -2 2 1 4 2 1 1 0/0 25:01 2:00 1:30
Matt Jones 0 0 0 4 0 0 1 2 1 0 0/0 20:14 2:00 2:07
Mikkel Boedker 2 3 5 3 0 6 1 0 1 0 0/0 16:35 2:04 0:47
Niklas Sundstrom 0 3 3 -1 0 3 2 0 2 1 1/3 21:37 3:29 0:00
Nolan Pratt 0 0 0 2 0 2 1 1 0 1 0/0 20:43 3:33 2:55
Patrick Maroon 0 0 0 0 0 1 0 0 0 0 0/0 8:12 0:00 0:00
Peter Mueller 0 2 2 2 2 1 1 0 0 0 7/13 16:16 2:04 1:01
Roman Josi 0 0 0 1 0 0 1 0 0 0 0/0 14:51 0:00 1:07
Sergei Kostitsyn 1 1 2 2 0 5 1 1 0 0 0/1 14:20 2:04 0:47
Steve Quailer 0 0 0 1 0 1 2 0 0 0 0/1 13:56 0:00 3:11
Tomas Kubalik 0 0 0 0 0 1 2 0 1 0 0/0 8:12 0:00 0:00
Tyler Bozak 3 0 3 -1 0 7 0 1 0 0 19/37 20:38 3:29 0:00
Tyler Myers 0 1 1 -2 2 2 1 4 0 0 0/0 26:32 3:33 2:02
Players Stats for Wolves
Player Name G A P +/- PIM S H SB GA TA FO MP PP MP PK MP
------------------------------------------------------------------------------------
Alexander Perezhogin 1 1 2 0 2 9 2 1 0 0 1/3 21:56 2:34 1:10
Chris Neil 0 2 2 -1 0 4 1 0 1 1 0/0 15:11 2:28 0:00
Chris Terry 0 0 0 0 2 1 0 0 0 0 0/0 11:06 0:00 0:00
Dan Fritsche 1 0 1 0 0 1 3 0 0 2 3/10 15:18 0:00 4:13
Geoff Paukovich 0 0 0 -1 0 1 2 0 0 0 0/1 16:04 2:28 0:52
Hunter Tremblay 0 1 1 1 0 1 2 0 0 0 0/2 17:03 0:00 0:00
Logan MacMillan 0 0 0 -2 0 0 0 0 0 0 0/0 7:59 0:00 0:00
Marc Methot 0 0 0 -1 0 0 0 0 0 2 0/0 18:12 1:06 2:18
Marc-André Gragnani 0 0 0 -1 2 0 0 2 0 0 0/0 14:08 1:06 0:00
Mark Fayne 0 0 0 0 0 0 1 1 0 0 0/0 15:17 0:00 2:18
Matt Gilroy 0 2 2 -1 2 1 2 2 1 2 0/0 29:36 3:56 2:47
Mike Zigomanis 2 0 2 -1 0 9 1 0 0 0 8/15 17:44 2:28 1:55
Milan Bartovic 0 1 1 0 0 2 3 0 1 1 1/1 14:38 0:00 3:34
Nate Guenin 0 1 1 -3 0 1 1 3 0 1 0/0 20:18 3:56 1:14
Nathan Davis 0 0 0 -2 0 2 2 0 0 0 1/1 8:07 0:00 0:08
Rich Peverley 0 2 2 0 2 7 2 2 0 0 23/35 20:11 2:34 0:00
Tim Crowder 1 0 1 -2 0 3 0 0 0 0 0/1 10:33 2:34 0:00
Willie Mitchell 1 0 1 0 0 7 2 4 1 0 0/0 25:51 0:00 4:01
3 Stars
1 - Mikkel Boedker (Alb)
2 - Tyler Bozak (Alb)
3 - Sergei Kostitsyn (Alb)
Power Play
River Rats - 2 on 5 Attempt(s) - 40,00%
Wolves - 4 on 5 Attempt(s) - 80,00%
Penalty Kill
River Rats - 1 on 5 Attempt(s) - 20,00%
- Score 0 goal in Penalty Kill
Wolves - 3 on 5 Attempt(s) - 60,00%
- Score 0 goal in Penalty Kill
Official
Referees : Devorski Paul and O'Halloran Dan
Linesman : Brad Lazarowich and Jonny Murray
Game Notes
Braden Holtby enters game at 12:25 of 2nd period
Tyler Bozak has scored a Hat Trick!
Finance
Level 1 -- Attendance: 1335 (66,75%) -- Ticket Income 46 725 $
Level 2 -- Attendance: 800 (80,00%) -- Ticket Income 12 000 $
Total Attendance: 2135 (71,17%)
Total Ticket Income: 58 725 $
Other Income: 2 936 $
Total Income: 61 661 $
River Rats
5 vs 5 Forward
Center Left Wing Right Wing Time % Phy DF OF
1 Tyler Bozak Brett Maclean Niklas Sundstrom 40 1 2 2
2 Peter Mueller James Van Riemsdyk Mikkel Boedker 30 1 2 2
3 Kyle Chipchura Sergei Kostitsyn Steve Quailer 20 1 2 2
4 Jamie Arniel Patrick Maroon Tomas Kubalik 10 1 2 2
5 vs 5 Defense
Defense Defense Time % Phy DF OF
1 Martin Grenier Tyler Myers 40 1 2 2
2 Bryan Rodney Matt Jones 30 1 2 2
3 Nolan Pratt Roman Josi 20 1 2 2
4 Nolan Pratt Roman Josi 10 1 2 2
PowerPlay Forward
Center Left Wing Right Wing Time % Phy DF OF
1 Tyler Bozak James Van Riemsdyk Niklas Sundstrom 60 1 2 2
2 Peter Mueller Sergei Kostitsyn Mikkel Boedker 40 1 2 2
PowerPlay Defense
Defense Defense Time % Phy DF OF
1 Tyler Myers Nolan Pratt 60 1 2 2
2 Martin Grenier Matt Jones 40 1 2 2
Penalty Kill 4 Players Forward
Center Wing Time % Phy DF OF
1 Kyle Chipchura Steve Quailer 60 1 2 2
2 Sergei Kostitsyn Mikkel Boedker 40 1 2 2
Penalty Kill 4 Players Defense
Defense Defense Time % Phy DF OF
1 Martin Grenier Nolan Pratt 60 1 2 2
2 Tyler Myers Matt Jones 40 1 2 2
Penalty Kill - 3 Players Forward
Forward Time % Phy DF OF
1 Kyle Chipchura 60 1 2 2
2 Jamie Arniel 40 1 2 2
Penalty Kill - 3 Players Defense
Defense Defense Time % Phy DF OF
1 Martin Grenier Nolan Pratt 60 1 2 2
2 Tyler Myers Matt Jones 40 1 2 2
4 vs 4 Forward
Center Wing Time % Phy DF OF
1 Niklas Sundstrom James Van Riemsdyk 60 1 2 2
2 Sergei Kostitsyn Mikkel Boedker 40 1 2 2
4 vs 4 Defense
Defense Defense Time % Phy DF OF
1 Martin Grenier Tyler Myers 60 1 2 2
2 Nolan Pratt Matt Jones 40 1 2 2
Last Minutes Offensive
Center Left Wing Right Wing Defense Defense
Tyler Bozak Brett Maclean Niklas Sundstrom Martin Grenier Matt Jones
Last Minutes Defensive
Center Left Wing Right Wing Defense Defense
Tyler Bozak Sergei Kostitsyn Niklas Sundstrom Martin Grenier Nolan Pratt
Goaltenders
Starting : Jonathan Bernier
Backup : Braden Holtby
Extra Forwards
Normal : Brett Maclean, James Van Riemsdyk, Tomas Kubalik - PP : Brett Maclean, James Van Riemsdyk - PK : Kyle Chipchura
Extra Defensemen
Normal : Tyler Myers, Roman Josi, Bryan Rodney - PP : Tyler Myers - PK : Roman Josi, Bryan Rodney
Penalty Shots
Mikkel Boedker, Sergei Kostitsyn, Brett Maclean, Tyler Bozak, James Van Riemsdyk
Wolves
5 vs 5 Forward
Center Left Wing Right Wing Time % Phy DF OF
1 Rich Peverley Hunter Tremblay Alexander Perezhogin 40 1 0 4
2 Mike Zigomanis Geoff Paukovich Chris Neil 30 0 1 4
3 Dan Fritsche Chris Terry Milan Bartovic 20 1 1 3
4 Nathan Davis Logan MacMillan Tim Crowder 10 2 1 2
5 vs 5 Defense
Defense Defense Time % Phy DF OF
1 Matt Gilroy Willie Mitchell 40 1 3 1
2 Marc Methot Nate Guenin 30 1 3 1
3 Marc-André Gragnani Mark Fayne 20 1 3 1
4 Willie Mitchell Matt Gilroy 10 1 3 1
PowerPlay Forward
Center Left Wing Right Wing Time % Phy DF OF
1 Rich Peverley Tim Crowder Alexander Perezhogin 60 0 0 5
2 Mike Zigomanis Geoff Paukovich Chris Neil 40 0 0 5
PowerPlay Defense
Defense Defense Time % Phy DF OF
1 Matt Gilroy Nate Guenin 60 0 2 3
2 Marc Methot Marc-André Gragnani 40 0 2 3
Penalty Kill 4 Players Forward
Center Wing Time % Phy DF OF
1 Dan Fritsche Milan Bartovic 60 1 3 1
2 Mike Zigomanis Alexander Perezhogin 40 1 3 1
Penalty Kill 4 Players Defense
Defense Defense Time % Phy DF OF
1 Matt Gilroy Willie Mitchell 60 2 3 0
2 Marc Methot Mark Fayne 40 2 3 0
Penalty Kill - 3 Players Forward
Forward Time % Phy DF OF
1 Dan Fritsche 60 1 4 0
2 Milan Bartovic 40 1 4 0
Penalty Kill - 3 Players Defense
Defense Defense Time % Phy DF OF
1 Matt Gilroy Willie Mitchell 60 1 4 0
2 Marc Methot Mark Fayne 40 1 4 0
4 vs 4 Forward
Center Wing Time % Phy DF OF
1 Alexander Perezhogin Rich Peverley 60 1 1 3
2 Mike Zigomanis Tim Crowder 40 1 1 3
4 vs 4 Defense
Defense Defense Time % Phy DF OF
1 Matt Gilroy Nate Guenin 60 1 3 1
2 Marc Methot Willie Mitchell 40 1 3 1
Last Minutes Offensive
Center Left Wing Right Wing Defense Defense
Rich Peverley Chris Neil Alexander Perezhogin Matt Gilroy Nate Guenin
Last Minutes Defensive
Center Left Wing Right Wing Defense Defense
Dan Fritsche Mike Zigomanis Milan Bartovic Willie Mitchell Marc Methot
Goaltenders
Starting : Jamie Storr
Backup : Loïc Lacasse
Extra Forwards
Normal : Alexander Perezhogin, Rich Peverley, Chris Neil - PP : Alexander Perezhogin, Rich Peverley - PK : Dan Fritsche
Extra Defensemen
Normal : Matt Gilroy, Marc Methot, Nate Guenin - PP : Matt Gilroy - PK : Nate Guenin, Marc Methot
Penalty Shots
Alexander Perezhogin, Rich Peverley, Mike Zigomanis, Milan Bartovic, Chris Neil
% Time on Ice - River Rats
Lines # - Real PCT - Wanted PCT - Time Play
Normal Forward
1 - 35% - 40% - 17:09
2 - 27% - 30% - 13:19
3 - 22% - 20% - 10:45
4 - 17% - 10% - 8:12
Normal Defense
1 - 43% - 40% - 21:02
2 - 31% - 30% - 15:14
3 - 18% - 20% - 9:05
4 - 8% - 10% - 4:04
PP Forward
1 - 63% - 60% - 3:29
2 - 37% - 40% - 2:04
PP Defense
1 - 64% - 60% - 3:33
2 - 36% - 40% - 2:00
PK Forward
1 - 84% - 60% - 4:15
2 - 16% - 40% - 0:47
PK Defense
1 - 60% - 60% - 3:00
2 - 40% - 40% - 2:02
PK3 Forward
1 - 0% - 60%
2 - 0% - 40%
PK3 Defense
1 - 0% - 60%
2 - 0% - 40%
44 Forward
1 - 70% - 60% - 0:59
2 - 30% - 40% - 0:25
44 Defense
1 - 45% - 60% - 0:38
2 - 55% - 40% - 0:46
Last Minute Offensive - 0:00
Last Minute Defensive - 0:00
Total
Forward - 61:24
Defense - 61:24
|
% Time on Ice - Wolves
Lines # - Real PCT - Wanted PCT - Time Play
Normal Forward
1 - 35% - 40% - 17:04
2 - 27% - 30% - 13:18
3 - 22% - 20% - 11:04
4 - 16% - 10% - 7:59
Normal Defense
1 - 40% - 40% - 19:50
2 - 29% - 30% - 14:34
3 - 25% - 20% - 12:11
4 - 6% - 10% - 2:50
PP Forward
1 - 51% - 60% - 2:34
2 - 49% - 40% - 2:28
PP Defense
1 - 78% - 60% - 3:56
2 - 22% - 40% - 1:06
PK Forward
1 - 79% - 60% - 4:23
2 - 21% - 40% - 1:10
PK Defense
1 - 63% - 60% - 3:29
2 - 37% - 40% - 2:04
PK3 Forward
1 - 93% - 60% - 0:43
2 - 7% - 40% - 0:03
PK3 Defense
1 - 70% - 60% - 0:32
2 - 30% - 40% - 0:14
44 Forward
1 - 100% - 60% - 0:38
2 - 0% - 40% - 0:00
44 Defense
1 - 92% - 60% - 0:35
2 - 8% - 40% - 0:03
Last Minute Offensive - 0:00
Last Minute Defensive - 0:00
Total
Forward - 61:24
Defense - 61:24
|
Play by Play
1st period
0:01 of 1st period - Tyler Bozak wins face-off versus Rich Peverley in neutral zone.
0:53 of 1st period - Nate Guenin is hit by Mikkel Boedker and loses puck.
1:34 of 1st period - Snap shot by Tim Crowder.
1:34 of 1st period - Stopped by Jonathan Bernier with a rebound.
1:36 of 1st period - Snap shot by Logan MacMillan.
1:36 of 1st period - Shot Blocked by Tyler Bozak.
1:38 of 1st period - Slapshot by Nate Guenin.
1:38 of 1st period - Deflect By Nolan Pratt.
1:38 of 1st period - Stopped by Jonathan Bernier without a rebound.
1:39 of 1st period - Peter Mueller wins face-off versus Mike Zigomanis in River Rats zone.
1:46 of 1st period - Snap shot by Chris Neil.
1:46 of 1st period - Stopped by Jonathan Bernier with a rebound.
2:04 of 1st period - Mark Fayne is hit by Niklas Sundstrom and loses puck.
2:32 of 1st period - Icing by Martin Grenier.
2:33 of 1st period - Kyle Chipchura wins face-off versus Hunter Tremblay in River Rats zone.
2:46 of 1st period - Snap shot by Sergei Kostitsyn.
2:46 of 1st period - Shot Blocked by Willie Mitchell.
2:48 of 1st period - Slapshot by Martin Grenier.
2:48 of 1st period - Shot Misses the Net.
3:04 of 1st period - Slapshot by Martin Grenier.
3:04 of 1st period - Shot Misses the Net.
3:06 of 1st period - Snap shot by Steve Quailer.
3:06 of 1st period - Shot Misses the Net.
3:08 of 1st period - Snap shot by Kyle Chipchura.
3:08 of 1st period - Stopped by Jamie Storr without a rebound.
3:09 of 1st period - Mike Zigomanis wins face-off versus Tyler Bozak in Wolves zone.
3:44 of 1st period - Wrist shot by Tim Crowder.
3:44 of 1st period - Stopped by Jonathan Bernier with a rebound.
3:46 of 1st period - Wrist shot by Nathan Davis.
3:46 of 1st period - Stopped by Jonathan Bernier with a rebound.
4:04 of 1st period - Snap shot by Jamie Arniel.
4:04 of 1st period - Shot Misses the Net.
4:06 of 1st period - Slapshot by Nolan Pratt.
4:06 of 1st period - Stopped by Jamie Storr with a rebound.
5:30 of 1st period - Icing by Tyler Myers.
5:31 of 1st period - Rich Peverley wins face-off versus Tyler Bozak in River Rats zone.
6:18 of 1st period - Nate Guenin is hit by Sergei Kostitsyn and loses puck.
7:03 of 1st period - Snap shot by Rich Peverley.
7:03 of 1st period - Stopped by Jonathan Bernier with a rebound.
7:20 of 1st period - Marc Methot is hit by Brett Maclean and loses puck.
7:29 of 1st period - Matt Jones is hit by Mike Zigomanis and loses puck.
7:54 of 1st period - Roman Josi is hit by Matt Gilroy and loses puck.
8:32 of 1st period - Snap shot by Tomas Kubalik.
8:32 of 1st period - Stopped by Jamie Storr without a rebound.
8:33 of 1st period - Mike Zigomanis wins face-off versus Tyler Bozak in Wolves zone.
8:46 of 1st period - Snap shot by Chris Neil.
8:46 of 1st period - Shot Blocked by Bryan Rodney.
9:02 of 1st period - Mikkel Boedker is hit by Rich Peverley and loses puck.
9:29 of 1st period - Nate Guenin is hit by Martin Grenier and loses puck.
10:28 of 1st period - Wrist shot by Mikkel Boedker.
10:28 of 1st period - Goal by Mikkel Boedker - River Rats : 1 - Wolves : 0.
10:29 of 1st period - Rich Peverley wins face-off versus Tyler Bozak in neutral zone.
10:40 of 1st period - Backhand shot by Rich Peverley.
10:40 of 1st period - Stopped by Jonathan Bernier without a rebound.
10:41 of 1st period - Tyler Bozak wins face-off versus Rich Peverley in River Rats zone.
11:50 of 1st period - Snap shot by Sergei Kostitsyn.
11:50 of 1st period - Stopped by Jamie Storr with a rebound.
11:56 of 1st period - Snap shot by Tomas Kubalik.
11:56 of 1st period - Shot Misses the Net.
11:58 of 1st period - Slapshot by Bryan Rodney.
11:58 of 1st period - Shot Blocked by Nate Guenin.
12:16 of 1st period - Snap shot by Brett Maclean.
12:16 of 1st period - Stopped by Jamie Storr without a rebound.
12:17 of 1st period - Tyler Bozak wins face-off versus Rich Peverley in Wolves zone.
12:26 of 1st period - Snap shot by Tyler Bozak.
12:26 of 1st period - Shot Blocked by Willie Mitchell.
12:28 of 1st period - Wrist shot by Tyler Myers.
12:28 of 1st period - Stopped by Jamie Storr without a rebound.
12:29 of 1st period - Rich Peverley wins face-off versus Tyler Bozak in Wolves zone.
12:34 of 1st period - Niklas Sundstrom is hit by Matt Gilroy and loses puck.
12:45 of 1st period - Snap shot by Niklas Sundstrom.
12:45 of 1st period - Shot Blocked by Willie Mitchell.
12:55 of 1st period - Mikkel Boedker is hit by Willie Mitchell and loses puck.
13:44 of 1st period - Slapshot by Matt Gilroy.
13:44 of 1st period - Shot Blocked by Bryan Rodney.
13:46 of 1st period - Slapshot by Tim Crowder.
13:46 of 1st period - Shot Blocked by Matt Jones.
13:59 of 1st period - Off-side.
14:00 of 1st period - Rich Peverley wins face-off versus Tyler Bozak in neutral zone.
14:17 of 1st period - Snap shot by Niklas Sundstrom.
14:17 of 1st period - Stopped by Jamie Storr with a rebound.
14:25 of 1st period - Wrist shot by Niklas Sundstrom.
14:25 of 1st period - Shot Misses the Net.
14:27 of 1st period - Wrist shot by Martin Grenier.
14:27 of 1st period - Shot Blocked by Mark Fayne.
14:29 of 1st period - Wrist shot by Brett Maclean.
14:29 of 1st period - Deflect By Niklas Sundstrom.
14:29 of 1st period - Shot Blocked by Marc-André Gragnani.
14:29 of 1st period - Puck is out of play.
14:30 of 1st period - Peter Mueller wins face-off versus Mike Zigomanis in Wolves zone.
15:31 of 1st period - Icing by Brett Maclean.
15:32 of 1st period - Mike Zigomanis wins face-off versus Tyler Bozak in River Rats zone.
15:40 of 1st period - Wrist shot by Chris Neil.
15:40 of 1st period - Shot Misses the Net.
15:52 of 1st period - Snap shot by Brett Maclean.
15:52 of 1st period - Shot Misses the Net.
15:54 of 1st period - Snap shot by Tyler Bozak.
15:54 of 1st period - Stopped by Jamie Storr without a rebound.
15:55 of 1st period - Peter Mueller wins face-off versus Rich Peverley in Wolves zone.
16:01 of 1st period - Minor Penalty to Marc-André Gragnani for High sticking.
16:02 of 1st period - Dan Fritsche wins face-off versus Tyler Bozak in Wolves zone.
16:59 of 1st period - Niklas Sundstrom is hit by Milan Bartovic and loses puck.
18:01 of 1st period - Penalty to Marc-André Gragnani is over, Marc-André Gragnani is back on ice.
19:58 of 1st period - Rich Peverley is hit by Peter Mueller and loses puck.
Goals for this period are 1 for River Rats vs 0 for Wolves.
Shots for this period are 9 for River Rats vs 7 for Wolves.
2nd period
0:01 of 2nd period - Tyler Bozak wins face-off versus Rich Peverley in neutral zone.
0:04 of 2nd period - Hunter Tremblay is hit by Martin Grenier and loses puck.
0:11 of 2nd period - Wrist shot by Willie Mitchell.
0:11 of 2nd period - Deflect By Tyler Myers.
0:11 of 2nd period - Stopped by Jonathan Bernier with a rebound.
0:13 of 2nd period - Slapshot by Willie Mitchell.
0:13 of 2nd period - Shot Blocked by Tyler Myers.
0:15 of 2nd period - Slapshot by Willie Mitchell.
0:15 of 2nd period - Deflect By Brett Maclean.
0:15 of 2nd period - Goal by Willie Mitchell - River Rats : 1 - Wolves : 1.
0:16 of 2nd period - Tyler Bozak wins face-off versus Mike Zigomanis in neutral zone.
0:16 of 2nd period - Brett Maclean is hit by Geoff Paukovich and loses puck.
0:41 of 2nd period - Rich Peverley is hit by Tyler Myers and loses puck.
0:50 of 2nd period - Snap shot by Mikkel Boedker.
0:50 of 2nd period - Stopped by Jamie Storr with a rebound.
1:30 of 2nd period - Nathan Davis is hit by Tomas Kubalik and loses puck.
1:53 of 2nd period - Wrist shot by Tyler Bozak.
1:53 of 2nd period - Deflect By Chris Neil.
1:53 of 2nd period - Stopped by Jamie Storr without a rebound.
1:54 of 2nd period - Rich Peverley wins face-off versus Peter Mueller in Wolves zone.
2:15 of 2nd period - Tyler Myers is hit by Rich Peverley and loses puck.
2:45 of 2nd period - Minor Penalty to James Van Riemsdyk for Hooking.
2:46 of 2nd period - Rich Peverley wins face-off versus Steve Quailer in River Rats zone.
2:46 of 2nd period - Wrist shot by Alexander Perezhogin.
2:46 of 2nd period - Goal by Alexander Perezhogin - River Rats : 1 - Wolves : 2.
2:47 of 2nd period - Tyler Bozak wins face-off versus Mike Zigomanis in neutral zone.
2:58 of 2nd period - Snap shot by Niklas Sundstrom.
2:58 of 2nd period - Stopped by Jamie Storr without a rebound.
2:59 of 2nd period - Tyler Bozak wins face-off versus Rich Peverley in Wolves zone.
3:08 of 2nd period - Wrist shot by Niklas Sundstrom.
3:08 of 2nd period - Shot Misses the Net.
3:14 of 2nd period - Matt Jones is hit by Hunter Tremblay and loses puck.
3:48 of 2nd period - Snap shot by Sergei Kostitsyn.
3:48 of 2nd period - Stopped by Jamie Storr with a rebound.
3:50 of 2nd period - Slapshot by Bryan Rodney.
3:50 of 2nd period - Shot Misses the Net.
3:52 of 2nd period - Snap shot by Sergei Kostitsyn.
3:52 of 2nd period - Goal by Sergei Kostitsyn - River Rats : 2 - Wolves : 2.
3:53 of 2nd period - Tyler Bozak wins face-off versus Hunter Tremblay in neutral zone.
4:38 of 2nd period - Mark Fayne is hit by Steve Quailer and loses puck.
5:03 of 2nd period - Patrick Maroon is hit by Mark Fayne and loses puck.
5:29 of 2nd period - Minor Penalty to Bryan Rodney for Cross-checking.
5:30 of 2nd period - Rich Peverley wins face-off versus Kyle Chipchura in River Rats zone.
6:06 of 2nd period - Snap shot by Chris Neil.
6:06 of 2nd period - Stopped by Jonathan Bernier with a rebound.
6:47 of 2nd period - Slapshot by Mike Zigomanis.
6:47 of 2nd period - Stopped by Jonathan Bernier with a rebound.
6:54 of 2nd period - Slapshot by Nate Guenin.
6:54 of 2nd period - Shot Misses the Net.
7:06 of 2nd period - Wrist shot by Mike Zigomanis.
7:06 of 2nd period - Goal by Mike Zigomanis - River Rats : 2 - Wolves : 3.
7:07 of 2nd period - Tyler Bozak wins face-off versus Alexander Perezhogin in neutral zone.
7:10 of 2nd period - Alexander Perezhogin is hit by Nolan Pratt and loses puck.
7:33 of 2nd period - Kyle Chipchura is hit by Milan Bartovic and loses puck.
7:59 of 2nd period - Matt Gilroy is hit by Roman Josi and loses puck.
8:21 of 2nd period - Snap shot by Rich Peverley.
8:21 of 2nd period - Stopped by Jonathan Bernier with a rebound.
8:23 of 2nd period - Backhand shot by Alexander Perezhogin.
8:23 of 2nd period - Shot Misses the Net.
8:35 of 2nd period - Milan Bartovic is hit by Martin Grenier and loses puck.
8:48 of 2nd period - Steve Quailer is hit by Geoff Paukovich.
9:11 of 2nd period - Wrist shot by Nathan Davis.
9:11 of 2nd period - Shot Blocked by Matt Jones.
10:00 of 2nd period - Tyler Myers is hit by Dan Fritsche and loses puck.
10:17 of 2nd period - Jamie Arniel is hit by Willie Mitchell and loses puck.
10:24 of 2nd period - Patrick Maroon is hit by Nathan Davis and loses puck.
11:01 of 2nd period - Niklas Sundstrom is hit by Nate Guenin and loses puck.
11:14 of 2nd period - Slapshot by Nolan Pratt.
11:14 of 2nd period - Stopped by Jamie Storr with a rebound.
11:19 of 2nd period - Minor Penalty to Peter Mueller for Holding.
11:20 of 2nd period - Rich Peverley wins face-off versus Kyle Chipchura in River Rats zone.
11:46 of 2nd period - Matt Jones is hit by Chris Neil and loses puck.
11:51 of 2nd period - Slapshot by Chris Neil.
11:51 of 2nd period - Shot Misses the Net.
11:53 of 2nd period - Slapshot by Matt Gilroy.
11:53 of 2nd period - Deflect By Chris Neil.
11:53 of 2nd period - Stopped by Jonathan Bernier with a rebound.
11:55 of 2nd period - Snap shot by Mike Zigomanis.
11:55 of 2nd period - Deflect By Chris Neil.
11:55 of 2nd period - Shot Misses the Net.
11:55 of 2nd period - Puck is out of play.
11:56 of 2nd period - Kyle Chipchura wins face-off versus Tim Crowder in River Rats zone.
12:21 of 2nd period - Snap shot by Mike Zigomanis.
12:21 of 2nd period - Shot Blocked by Martin Grenier.
12:23 of 2nd period - Slapshot by Matt Gilroy.
12:23 of 2nd period - Shot Misses the Net.
12:25 of 2nd period - Wrist shot by Chris Neil.
12:25 of 2nd period - Deflect By Mike Zigomanis.
12:25 of 2nd period - Goal by Mike Zigomanis - River Rats : 2 - Wolves : 4.
12:25 of 2nd period - Braden Holtby enters game.
12:26 of 2nd period - Rich Peverley wins face-off versus Tyler Bozak in neutral zone.
12:52 of 2nd period - Icing by Willie Mitchell.
12:53 of 2nd period - Mike Zigomanis wins face-off versus Peter Mueller in Wolves zone.
13:06 of 2nd period - Snap shot by Mikkel Boedker.
13:06 of 2nd period - Stopped by Jamie Storr with a rebound.
13:16 of 2nd period - Snap shot by Mike Zigomanis.
13:16 of 2nd period - Stopped by Braden Holtby with a rebound.
13:48 of 2nd period - Slapshot by Willie Mitchell.
13:48 of 2nd period - Stopped by Braden Holtby without a rebound.
13:49 of 2nd period - Tyler Bozak wins face-off versus Rich Peverley in River Rats zone.
14:18 of 2nd period - Slapshot by Sergei Kostitsyn.
14:18 of 2nd period - Stopped by Jamie Storr with a rebound.
15:01 of 2nd period - Slapshot by Martin Grenier.
15:01 of 2nd period - Deflect By Niklas Sundstrom.
15:01 of 2nd period - Shot Misses the Net.
15:01 of 2nd period - Puck is out of play.
15:02 of 2nd period - Tyler Bozak wins face-off versus Rich Peverley in Wolves zone.
15:15 of 2nd period - Wrist shot by Rich Peverley.
15:15 of 2nd period - Stopped by Braden Holtby with a rebound.
17:19 of 2nd period - Snap shot by Mike Zigomanis.
17:19 of 2nd period - Stopped by Braden Holtby without a rebound.
17:20 of 2nd period - Peter Mueller wins face-off versus Mike Zigomanis in River Rats zone.
17:45 of 2nd period - Roman Josi is hit by Milan Bartovic and loses puck.
18:12 of 2nd period - Slapshot by Nolan Pratt.
18:12 of 2nd period - Deflect By Kyle Chipchura.
18:12 of 2nd period - Stopped by Jamie Storr with a rebound.
18:14 of 2nd period - Wrist shot by Steve Quailer.
18:14 of 2nd period - Stopped by Jamie Storr with a rebound.
18:16 of 2nd period - Slapshot by Roman Josi.
18:16 of 2nd period - Shot Blocked by Nate Guenin.
18:35 of 2nd period - Snap shot by Jamie Arniel.
18:35 of 2nd period - Shot Blocked by Rich Peverley.
18:47 of 2nd period - Snap shot by Mikkel Boedker.
18:47 of 2nd period - Shot Misses the Net.
18:49 of 2nd period - Backhand shot by Martin Grenier.
18:49 of 2nd period - Shot Blocked by Nate Guenin.
19:07 of 2nd period - Tyler Bozak is hit by Dan Fritsche and loses puck.
19:14 of 2nd period - Slapshot by Milan Bartovic.
19:14 of 2nd period - Deflect By Dan Fritsche.
19:14 of 2nd period - Goal by Dan Fritsche - River Rats : 2 - Wolves : 5.
19:15 of 2nd period - Rich Peverley wins face-off versus Tyler Bozak in neutral zone.
19:20 of 2nd period - Slapshot by Matt Gilroy.
19:20 of 2nd period - Stopped by Braden Holtby without a rebound.
19:21 of 2nd period - Rich Peverley wins face-off versus Tyler Bozak in River Rats zone.
19:26 of 2nd period - Snap shot by Rich Peverley.
19:26 of 2nd period - Deflect By Niklas Sundstrom.
19:26 of 2nd period - Shot Blocked by Tyler Myers.
19:26 of 2nd period - Puck is out of play.
19:27 of 2nd period - Rich Peverley wins face-off versus Brett Maclean in River Rats zone.
19:28 of 2nd period - Snap shot by Alexander Perezhogin.
19:28 of 2nd period - Shot Misses the Net.
19:30 of 2nd period - Snap shot by Alexander Perezhogin.
19:30 of 2nd period - Shot Misses the Net.
19:32 of 2nd period - Snap shot by Willie Mitchell.
19:32 of 2nd period - Shot Misses the Net.
19:34 of 2nd period - Snap shot by Willie Mitchell.
19:34 of 2nd period - Stopped by Braden Holtby with a rebound.
19:36 of 2nd period - Slapshot by Willie Mitchell.
19:36 of 2nd period - Shot Misses the Net.
19:38 of 2nd period - Slapshot by Alexander Perezhogin.
19:38 of 2nd period - Deflect By Rich Peverley.
19:38 of 2nd period - Stopped by Braden Holtby with a rebound.
19:40 of 2nd period - Slapshot by Willie Mitchell.
19:40 of 2nd period - Stopped by Braden Holtby without a rebound.
19:41 of 2nd period - Mike Zigomanis wins face-off versus Tyler Bozak in River Rats zone.
19:47 of 2nd period - Minor Penalty to Tyler Myers for Roughing.
19:48 of 2nd period - Kyle Chipchura wins face-off versus Rich Peverley in River Rats zone.
Goals for this period are 1 for River Rats vs 5 for Wolves.
Shots for this period are 10 for River Rats vs 18 for Wolves.
3rd period
0:01 of 3rd period - Rich Peverley wins face-off versus Kyle Chipchura in neutral zone.
0:04 of 3rd period - Snap shot by Alexander Perezhogin.
0:04 of 3rd period - Stopped by Braden Holtby with a rebound.
0:06 of 3rd period - Wrist shot by Tim Crowder.
0:06 of 3rd period - Goal by Tim Crowder - River Rats : 2 - Wolves : 6.
0:07 of 3rd period - Rich Peverley wins face-off versus Brett Maclean in neutral zone.
0:10 of 3rd period - Slapshot by Willie Mitchell.
0:10 of 3rd period - Stopped by Braden Holtby with a rebound.
0:23 of 3rd period - Off-side.
0:24 of 3rd period - Mike Zigomanis wins face-off versus Peter Mueller in neutral zone.
0:26 of 3rd period - Off-side.
0:27 of 3rd period - Peter Mueller wins face-off versus Mike Zigomanis in neutral zone.
0:32 of 3rd period - Snap shot by Mikkel Boedker.
0:32 of 3rd period - Stopped by Jamie Storr with a rebound.
0:37 of 3rd period - Off-side.
0:38 of 3rd period - Rich Peverley wins face-off versus Tyler Bozak in neutral zone.
0:50 of 3rd period - Minor Penalty to Matt Gilroy for Interference.
0:51 of 3rd period - Tyler Bozak wins face-off versus Dan Fritsche in Wolves zone.
1:26 of 3rd period - Wrist shot by Peter Mueller.
1:26 of 3rd period - Stopped by Jamie Storr without a rebound.
1:27 of 3rd period - Mike Zigomanis wins face-off versus Peter Mueller in Wolves zone.
1:32 of 3rd period - Wrist shot by Alexander Perezhogin.
1:32 of 3rd period - Stopped by Braden Holtby without a rebound.
1:33 of 3rd period - Mike Zigomanis wins face-off versus Tyler Bozak in River Rats zone.
1:56 of 3rd period - Marc Methot is hit by Niklas Sundstrom and loses puck.
2:07 of 3rd period - Snap shot by James Van Riemsdyk.
2:07 of 3rd period - Shot Misses the Net.
2:09 of 3rd period - Snap shot by Tyler Bozak.
2:09 of 3rd period - Shot Misses the Net.
2:11 of 3rd period - Snap shot by Niklas Sundstrom.
2:11 of 3rd period - Stopped by Jamie Storr without a rebound.
2:12 of 3rd period - Peter Mueller wins face-off versus Dan Fritsche in Wolves zone.
2:47 of 3rd period - Sergei Kostitsyn is hit by Alexander Perezhogin and loses puck.
2:50 of 3rd period - Penalty to Matt Gilroy is over, Matt Gilroy is back on ice.
2:52 of 3rd period - Snap shot by Mike Zigomanis.
2:52 of 3rd period - Shot Hit the Post.
2:54 of 3rd period - Slapshot by Alexander Perezhogin.
2:54 of 3rd period - Stopped by Braden Holtby with a rebound.
2:56 of 3rd period - Wrist shot by Matt Gilroy.
2:56 of 3rd period - Shot Misses the Net.
3:28 of 3rd period - Slapshot by Willie Mitchell.
3:28 of 3rd period - Shot Blocked by Brett Maclean.
4:10 of 3rd period - Tyler Myers is hit by Alexander Perezhogin and loses puck.
4:35 of 3rd period - Marc-André Gragnani is hit by Steve Quailer and loses puck.
5:02 of 3rd period - Wrist shot by Mikkel Boedker.
5:02 of 3rd period - Shot Misses the Net.
5:04 of 3rd period - Snap shot by James Van Riemsdyk.
5:04 of 3rd period - Shot Misses the Net.
6:02 of 3rd period - Wrist shot by Alexander Perezhogin.
6:02 of 3rd period - Shot Misses the Net.
6:04 of 3rd period - Wrist shot by Hunter Tremblay.
6:04 of 3rd period - Shot Misses the Net.
6:22 of 3rd period - Snap shot by Tyler Bozak.
6:22 of 3rd period - Goal by Tyler Bozak - River Rats : 3 - Wolves : 6.
6:23 of 3rd period - Tyler Bozak wins face-off versus Rich Peverley in neutral zone.
6:31 of 3rd period - Wrist shot by Tyler Bozak.
6:31 of 3rd period - Stopped by Jamie Storr with a rebound.
6:35 of 3rd period - Snap shot by Niklas Sundstrom.
6:35 of 3rd period - Shot Misses the Net.
6:37 of 3rd period - Slapshot by Tyler Bozak.
6:37 of 3rd period - Stopped by Jamie Storr with a rebound.
6:42 of 3rd period - Minor Penalty to Rich Peverley for Holding.
6:43 of 3rd period - Dan Fritsche wins face-off versus Tyler Bozak in Wolves zone.
6:49 of 3rd period - Snap shot by James Van Riemsdyk.
6:49 of 3rd period - Deflect By Niklas Sundstrom.
6:49 of 3rd period - Shot Misses the Net.
6:49 of 3rd period - Puck is out of play.
6:50 of 3rd period - Tyler Bozak wins face-off versus Dan Fritsche in Wolves zone.
6:59 of 3rd period - Snap shot by Niklas Sundstrom.
6:59 of 3rd period - Shot Misses the Net.
7:01 of 3rd period - Slapshot by Tyler Myers.
7:01 of 3rd period - Deflect By Tyler Bozak.
7:01 of 3rd period - Goal by Tyler Bozak - River Rats : 4 - Wolves : 6.
7:02 of 3rd period - Rich Peverley wins face-off versus Tyler Bozak in neutral zone.
8:18 of 3rd period - Slapshot by Nathan Davis.
8:18 of 3rd period - Stopped by Braden Holtby without a rebound.
8:19 of 3rd period - Rich Peverley wins face-off versus Tyler Bozak in River Rats zone.
9:05 of 3rd period - Slapshot by Bryan Rodney.
9:05 of 3rd period - Stopped by Jamie Storr with a rebound.
9:24 of 3rd period - Icing by Nathan Davis.
9:25 of 3rd period - Nathan Davis wins face-off versus Jamie Arniel in Wolves zone.
9:30 of 3rd period - Willie Mitchell is hit by Tomas Kubalik and loses puck.
9:53 of 3rd period - Slapshot by Mikkel Boedker.
9:53 of 3rd period - Deflect By James Van Riemsdyk.
9:53 of 3rd period - Shot Misses the Net.
9:53 of 3rd period - Puck is out of play.
9:54 of 3rd period - Peter Mueller wins face-off versus Mike Zigomanis in Wolves zone.
9:57 of 3rd period - Wrist shot by James Van Riemsdyk.
9:57 of 3rd period - Stopped by Jamie Storr with a rebound.
9:59 of 3rd period - Snap shot by James Van Riemsdyk.
9:59 of 3rd period - Goal by James Van Riemsdyk - River Rats : 5 - Wolves : 6.
10:00 of 3rd period - Tyler Bozak wins face-off versus Rich Peverley in neutral zone.
10:11 of 3rd period - Slapshot by Niklas Sundstrom.
10:11 of 3rd period - Shot Blocked by Rich Peverley.
11:09 of 3rd period - Snap shot by Jamie Arniel.
11:09 of 3rd period - Shot Blocked by Marc-André Gragnani.
11:13 of 3rd period - Slapshot by Bryan Rodney.
11:13 of 3rd period - Stopped by Jamie Storr with a rebound.
11:15 of 3rd period - Snap shot by Patrick Maroon.
11:15 of 3rd period - Stopped by Jamie Storr without a rebound.
11:16 of 3rd period - Alexander Perezhogin wins face-off versus Tyler Bozak in Wolves zone.
11:18 of 3rd period - Minor Penalty to Alexander Perezhogin for Hooking.
11:19 of 3rd period - Tyler Bozak wins face-off versus Dan Fritsche in Wolves zone.
11:21 of 3rd period - Snap shot by Tyler Bozak.
11:21 of 3rd period - Goal by Tyler Bozak - River Rats : 6 - Wolves : 6.
11:22 of 3rd period - Tyler Bozak wins face-off versus Rich Peverley in neutral zone.
11:47 of 3rd period - Brett Maclean is hit by Dan Fritsche and loses puck.
11:56 of 3rd period - Snap shot by Milan Bartovic.
11:56 of 3rd period - Stopped by Braden Holtby without a rebound.
11:57 of 3rd period - Rich Peverley wins face-off versus Peter Mueller in River Rats zone.
11:58 of 3rd period - Wrist shot by Alexander Perezhogin.
11:58 of 3rd period - Deflect By Rich Peverley.
11:58 of 3rd period - Shot Misses the Net.
11:58 of 3rd period - Puck is out of play.
11:59 of 3rd period - Rich Peverley wins face-off versus Peter Mueller in River Rats zone.
12:14 of 3rd period - Snap shot by Alexander Perezhogin.
12:14 of 3rd period - Stopped by Braden Holtby with a rebound.
12:47 of 3rd period - Slapshot by Steve Quailer.
12:47 of 3rd period - Shot Misses the Net.
12:49 of 3rd period - Wrist shot by Sergei Kostitsyn.
12:49 of 3rd period - Shot Blocked by Matt Gilroy.
12:51 of 3rd period - Slapshot by Martin Grenier.
12:51 of 3rd period - Shot Blocked by Willie Mitchell.
12:53 of 3rd period - Slapshot by Martin Grenier.
12:53 of 3rd period - Stopped by Jamie Storr with a rebound.
12:55 of 3rd period - Slapshot by Martin Grenier.
12:55 of 3rd period - Shot Blocked by Matt Gilroy.
12:57 of 3rd period - Slapshot by Tyler Myers.
12:57 of 3rd period - Deflect By Matt Gilroy.
12:57 of 3rd period - Stopped by Jamie Storr without a rebound.
12:58 of 3rd period - Rich Peverley wins face-off versus Niklas Sundstrom in Wolves zone.
13:07 of 3rd period - Snap shot by Rich Peverley.
13:07 of 3rd period - Deflect By Hunter Tremblay.
13:07 of 3rd period - Deflect By Brett Maclean.
13:07 of 3rd period - Stopped by Braden Holtby with a rebound.
13:13 of 3rd period - Wrist shot by Rich Peverley.
13:13 of 3rd period - Stopped by Braden Holtby with a rebound.
13:25 of 3rd period - Wrist shot by Mike Zigomanis.
13:25 of 3rd period - Stopped by Braden Holtby with a rebound.
13:45 of 3rd period - Steve Quailer is hit by Nathan Davis and loses puck.
13:56 of 3rd period - Slapshot by Matt Gilroy.
13:56 of 3rd period - Shot Blocked by Tyler Myers.
14:02 of 3rd period - Minor Penalty to Martin Grenier for Tripping.
14:03 of 3rd period - Rich Peverley wins face-off versus Kyle Chipchura in River Rats zone.
14:06 of 3rd period - Snap shot by Rich Peverley.
14:06 of 3rd period - Deflect By Alexander Perezhogin.
14:06 of 3rd period - Stopped by Braden Holtby with a rebound.
14:12 of 3rd period - Slapshot by Alexander Perezhogin.
14:12 of 3rd period - Stopped by Braden Holtby with a rebound.
14:14 of 3rd period - Snap shot by Alexander Perezhogin.
14:14 of 3rd period - Stopped by Braden Holtby without a rebound.
14:15 of 3rd period - Rich Peverley wins face-off versus Kyle Chipchura in River Rats zone.
14:20 of 3rd period - Snap shot by Rich Peverley.
14:20 of 3rd period - Stopped by Braden Holtby with a rebound.
14:22 of 3rd period - Slapshot by Tim Crowder.
14:22 of 3rd period - Shot Misses the Net.
14:24 of 3rd period - Snap shot by Alexander Perezhogin.
14:24 of 3rd period - Stopped by Braden Holtby with a rebound.
14:26 of 3rd period - Snap shot by Tim Crowder.
14:26 of 3rd period - Deflect By Steve Quailer.
14:26 of 3rd period - Shot Blocked by Kyle Chipchura.
14:26 of 3rd period - Puck is out of play.
14:27 of 3rd period - Rich Peverley wins face-off versus Kyle Chipchura in River Rats zone.
15:02 of 3rd period - Snap shot by Mike Zigomanis.
15:02 of 3rd period - Shot Misses the Net.
16:02 of 3rd period - Penalty to Martin Grenier is over, Martin Grenier is back on ice.
16:20 of 3rd period - Snap shot by Milan Bartovic.
16:20 of 3rd period - Stopped by Braden Holtby without a rebound.
16:21 of 3rd period - Tyler Bozak wins face-off versus Dan Fritsche in River Rats zone.
16:47 of 3rd period - Mikkel Boedker is hit by Hunter Tremblay and loses puck.
17:14 of 3rd period - Wrist shot by Chris Neil.
17:14 of 3rd period - Deflect By Geoff Paukovich.
17:14 of 3rd period - Stopped by Braden Holtby without a rebound.
17:15 of 3rd period - Kyle Chipchura wins face-off versus Geoff Paukovich in River Rats zone.
17:26 of 3rd period - Snap shot by Mike Zigomanis.
17:26 of 3rd period - Stopped by Braden Holtby without a rebound.
17:27 of 3rd period - Kyle Chipchura wins face-off versus Dan Fritsche in River Rats zone.
17:34 of 3rd period - Snap shot by Dan Fritsche.
17:34 of 3rd period - Shot Misses the Net.
17:36 of 3rd period - Snap shot by Chris Terry.
17:36 of 3rd period - Stopped by Braden Holtby with a rebound.
17:38 of 3rd period - Snap shot by Milan Bartovic.
17:38 of 3rd period - Shot Blocked by Sergei Kostitsyn.
17:40 of 3rd period - Slapshot by Willie Mitchell.
17:40 of 3rd period - Stopped by Braden Holtby with a rebound.
17:54 of 3rd period - Willie Mitchell is hit by Martin Grenier and loses puck.
18:18 of 3rd period - Snap shot by Chris Neil.
18:18 of 3rd period - Shot Blocked by Tyler Myers.
18:20 of 3rd period - Snap shot by Mike Zigomanis.
18:20 of 3rd period - Stopped by Braden Holtby with a rebound.
18:22 of 3rd period - Wrist shot by Chris Neil.
18:22 of 3rd period - Stopped by Braden Holtby with a rebound.
18:24 of 3rd period - Snap shot by Mike Zigomanis.
18:24 of 3rd period - Stopped by Braden Holtby without a rebound.
18:25 of 3rd period - Milan Bartovic wins face-off versus Sergei Kostitsyn in River Rats zone.
18:46 of 3rd period - Minor Penalty to Chris Terry for Hooking.
18:47 of 3rd period - Tyler Bozak wins face-off versus Dan Fritsche in Wolves zone.
19:22 of 3rd period - Snap shot by Peter Mueller.
19:22 of 3rd period - Deflect By Mikkel Boedker.
19:22 of 3rd period - Stopped by Jamie Storr with a rebound.
19:56 of 3rd period - Slapshot by Marc Methot.
19:56 of 3rd period - Shot Blocked by Nolan Pratt.
Goals for this period are 4 for River Rats vs 1 for Wolves.
Shots for this period are 16 for River Rats vs 24 for Wolves.
Overtime #1
0:01 of 1st overtime period - Dan Fritsche wins face-off versus Niklas Sundstrom in neutral zone.
0:10 of 1st overtime period - Slapshot by Matt Gilroy.
0:10 of 1st overtime period - Shot Blocked by Martin Grenier.
0:46 of 1st overtime period - Penalty to Chris Terry is over, Chris Terry is back on ice.
0:48 of 1st overtime period - Snap shot by Sergei Kostitsyn.
0:48 of 1st overtime period - Deflect By Mark Fayne.
0:48 of 1st overtime period - Stopped by Jamie Storr without a rebound.
0:49 of 1st overtime period - Niklas Sundstrom wins face-off versus Alexander Perezhogin in Wolves zone.
1:05 of 1st overtime period - Slapshot by Rich Peverley.
1:05 of 1st overtime period - Shot Misses the Net.
1:17 of 1st overtime period - Matt Gilroy is hit by Matt Jones and loses puck.
1:22 of 1st overtime period - Backhand shot by Mikkel Boedker.
1:22 of 1st overtime period - Shot Blocked by Alexander Perezhogin.
1:24 of 1st overtime period - Snap shot by Mikkel Boedker.
1:24 of 1st overtime period - Goal by Mikkel Boedker - River Rats : 7 - Wolves : 6.
Goals for this period are 1 for River Rats vs 0 for Wolves.
Shots for this period are 2 for River Rats vs 0 for Wolves.
Output by the SimonT Hockey Simulator (STHS) for François Prévost -- Original Page W3C XHTML 1.0 Valid